Unix NetHack Version 3.7.0-66 Work-in-progress - last build Nov 25 2022 02:21:47 (a67c8fbd212c6e9cfe3af09653023564b5ba1bad,branch:master).

Game began 2022-12-04 10:29:06, ended 2022-12-04 12:07:22.

elenmirie, neutral female gnomish Ranger

  
unexplored area
unexplored area
unexplored area
unexplored area
unexplored area
unexplored area
unexplored area
unexplored area
unexplored area
unexplored area
unexplored area
unexplored area
unexplored area
unexplored area
unexplored area
unexplored area
unexplored area
unexplored area
unexplored area
unexplored area
unexplored area
unexplored area
unexplored area
unexplored area
unexplored area
unexplored area
unexplored area
unexplored area
unexplored area
unexplored area
unexplored area
unexplored area
unexplored area
unexplored area
unexplored area
unexplored area
unexplored area
unexplored area
unexplored area
unexplored area
unexplored area
unexplored area
unexplored area
unexplored area
unexplored area
stone
stone
stone
unexplored area
unexplored area
unexplored area
unexplored area
unexplored area
unexplored area
unexplored area
unexplored area
unexplored area
unexplored area
unexplored area
unexplored area
unexplored area
unexplored area
unexplored area
unexplored area
unexplored area
unexplored area
unexplored area
unexplored area
unexplored area
unexplored area
unexplored area
unexplored area
unexplored area
unexplored area
unexplored area
unexplored area
unexplored area
unexplored area
unexplored area
unexplored area
unexplored area
unexplored area
unexplored area
unexplored area
unexplored area
unexplored area
unexplored area
unexplored area
unexplored area
unexplored area
unexplored area
unexplored area
unexplored area
unexplored area
unexplored area
unexplored area
unexplored area
unexplored area
unexplored area
unexplored area
unexplored area
unexplored area
unexplored area
unexplored area
unexplored area
unexplored area
unexplored area
unexplored area
unexplored area
unexplored area
unexplored area
unexplored area
stone
stone
stone
stone
stone
stone
stone
stone
stone
stone
stone
stone
corridor
corridor
*some stones
unexplored area
unexplored area
unexplored area
wall
wall
wall
.doorway
.doorway
unexplored area
unexplored area
unexplored area
unexplored area
unexplored area
unexplored area
unexplored area
unexplored area
unexplored area
unexplored area
unexplored area
unexplored area
unexplored area
unexplored area
unexplored area
unexplored area
unexplored area
unexplored area
unexplored area
unexplored area
unexplored area
unexplored area
unexplored area
unexplored area
unexplored area
unexplored area
unexplored area
unexplored area
unexplored area
unexplored area
unexplored area
unexplored area
unexplored area
unexplored area
unexplored area
unexplored area
unexplored area
unexplored area
unexplored area
unexplored area
unexplored area
unexplored area
unexplored area
unexplored area
unexplored area
unexplored area
unexplored area
unexplored area
unexplored area
unexplored area
unexplored area
unexplored area
unexplored area
unexplored area
unexplored area
unexplored area
stone
corridor
corridor
corridor
corridor
corridor
corridor
corridor
corridor
corridor
corridor
corridor
corridor
corridor
corridor
stone
stone
unexplored area
wall
.dark part of a room
.dark part of a room
.dark part of a room
.doorway
stone
corridor
corridor
corridor
corridor
stone
stone
wall
+closed door
wall
wall
wall
wall
wall
wall
wall
wall
wall
wall
wall
wall
wall
unexplored area
unexplored area
unexplored area
unexplored area
unexplored area
unexplored area
unexplored area
unexplored area
unexplored area
unexplored area
unexplored area
unexplored area
unexplored area
unexplored area
unexplored area
unexplored area
unexplored area
unexplored area
unexplored area
unexplored area
unexplored area
unexplored area
unexplored area
unexplored area
unexplored area
unexplored area
unexplored area
unexplored area
unexplored area
unexplored area
unexplored area
unexplored area
unexplored area
unexplored area
stone
corridor
wall
wall
wall
wall
wall
wall
wall
wall
wall
.doorway
.doorway
corridor
corridor
corridor
stone
stone
.doorway
.dark part of a room
.dark part of a room
.dark part of a room
.doorway
stone
corridor
corridor
corridor
corridor
corridor
corridor
.broken door
.dark part of a room
.dark part of a room
.dark part of a room
.dark part of a room
.dark part of a room
.dark part of a room
.dark part of a room
.dark part of a room
.dark part of a room
.dark part of a room
.dark part of a room
.dark part of a room
.dark part of a room
wall
unexplored area
unexplored area
unexplored area
unexplored area
unexplored area
unexplored area
unexplored area
unexplored area
unexplored area
unexplored area
unexplored area
unexplored area
unexplored area
unexplored area
unexplored area
unexplored area
unexplored area
unexplored area
unexplored area
unexplored area
unexplored area
unexplored area
unexplored area
unexplored area
unexplored area
unexplored area
unexplored area
unexplored area
unexplored area
unexplored area
unexplored area
unexplored area
unexplored area
unexplored area
stone
corridor
wall
.dark part of a room
.dark part of a room
.dark part of a room
.dark part of a room
.dark part of a room
.dark part of a room
.dark part of a room
.dark part of a room
.dark part of a room
.doorway
corridor
corridor
corridor
corridor
corridor
.doorway
.dark part of a room
.dark part of a room
.dark part of a room
-open door
corridor
corridor
*a stone
*some stones
corridor
corridor
corridor
.doorway
.dark part of a room
.dark part of a room
.dark part of a room
.dark part of a room
.dark part of a room
.dark part of a room
.dark part of a room
.dark part of a room
.dark part of a room
.dark part of a room
.dark part of a room
.dark part of a room
.dark part of a room
wall
unexplored area
unexplored area
unexplored area
unexplored area
unexplored area
unexplored area
unexplored area
unexplored area
unexplored area
unexplored area
unexplored area
unexplored area
unexplored area
unexplored area
unexplored area
unexplored area
unexplored area
unexplored area
unexplored area
unexplored area
unexplored area
unexplored area
unexplored area
unexplored area
unexplored area
unexplored area
unexplored area
unexplored area
unexplored area
unexplored area
unexplored area
unexplored area
unexplored area
unexplored area
stone
corridor
wall
.dark part of a room
.dark part of a room
.dark part of a room
.dark part of a room
.dark part of a room
.dark part of a room
.dark part of a room
.dark part of a room
.dark part of a room
wall
corridor
*some stones
corridor
*some stones
stone
.doorway
.dark part of a room
.dark part of a room
.dark part of a room
wall
%a jackal corpse
%a wood nymph corpse
corridor
corridor
corridor
corridor
corridor
.doorway
.dark part of a room
.dark part of a room
.dark part of a room
.dark part of a room
<staircase up
.dark part of a room
.dark part of a room
.dark part of a room
.dark part of a room
.dark part of a room
.dark part of a room
.dark part of a room
.dark part of a room
wall
unexplored area
unexplored area
wall
wall
wall
wall
wall
wall
wall
wall
wall
stone
stone
unexplored area
unexplored area
unexplored area
unexplored area
unexplored area
unexplored area
unexplored area
unexplored area
unexplored area
unexplored area
unexplored area
unexplored area
unexplored area
unexplored area
unexplored area
unexplored area
unexplored area
unexplored area
unexplored area
stone
stone
stone
corridor
wall
.dark part of a room
.dark part of a room
.dark part of a room
.dark part of a room
.dark part of a room
.dark part of a room
.dark part of a room
.dark part of a room
.dark part of a room
.doorway
corridor
corridor
corridor
corridor
corridor
.doorway
.dark part of a room
.dark part of a room
.dark part of a room
wall
corridor
0a boulder
corridor
corridor
corridor
*some stones
corridor
.doorway
wall
wall
.doorway
.doorway
wall
wall
wall
wall
wall
|open door
wall
wall
wall
wall
unexplored area
unexplored area
wall
.dark part of a room
?a scroll called 100 pra
%a cream pie
?a scroll called exrc ve
%a tripe ration
.dark part of a room
.dark part of a room
-open door
corridor
stone
unexplored area
unexplored area
unexplored area
unexplored area
unexplored area
unexplored area
unexplored area
unexplored area
unexplored area
unexplored area
unexplored area
unexplored area
unexplored area
unexplored area
unexplored area
unexplored area
unexplored area
unexplored area
stone
stone
corridor
corridor
corridor
.doorway
.dark part of a room
.dark part of a room
.dark part of a room
.dark part of a room
.dark part of a room
.dark part of a room
.dark part of a room
.dark part of a room
.dark part of a room
.doorway
corridor
corridor
corridor
corridor
corridor
.doorway
.dark part of a room
.dark part of a room
.dark part of a room
.doorway
corridor
corridor
corridor
corridor
stone
corridor
stone
stone
unexplored area
unexplored area
unexplored area
unexplored area
unexplored area
unexplored area
unexplored area
stone
stone
corridor
stone
unexplored area
unexplored area
unexplored area
unexplored area
unexplored area
wall
=a ring of regeneration
(a chest
)a morning star
)9 orcish arrows
)a spear
%a tripe ration
.dark part of a room
wall
corridor
stone
unexplored area
unexplored area
unexplored area
wall
wall
wall
wall
wall
wall
wall
wall
wall
wall
+closed door
wall
wall
unexplored area
unexplored area
stone
corridor
corridor
corridor
corridor
wall
.dark part of a room
.dark part of a room
.dark part of a room
.dark part of a room
.dark part of a room
.dark part of a room
.dark part of a room
.dark part of a room
.dark part of a room
.doorway
corridor
corridor
corridor
0a boulder
corridor
.doorway
.doorway
|open door
.doorway
wall
corridor
corridor
corridor
*some stones
corridor
unexplored area
unexplored area
unexplored area
unexplored area
unexplored area
unexplored area
unexplored area
unexplored area
unexplored area
unexplored area
stone
corridor
corridor
stone
unexplored area
unexplored area
unexplored area
unexplored area
unexplored area
wall
*a yellowish brown gem
*a red gem
.dark part of a room
[an elven mithril-coat
.dark part of a room
/a wand called 150 bra
.dark part of a room
wall
corridor
stone
stone
stone
unexplored area
wall
.floor of a room
.floor of a room
.floor of a room
.floor of a room
.dark part of a room
.dark part of a room
.dark part of a room
.dark part of a room
.dark part of a room
.dark part of a room
.dark part of a room
wall
stone
stone
stone
corridor
corridor
stone
stone
wall
wall
wall
wall
wall
wall
wall
wall
wall
wall
wall
corridor
corridor
corridor
corridor
corridor
corridor
corridor
corridor
corridor
corridor
corridor
stone
stone
unexplored area
unexplored area
unexplored area
unexplored area
unexplored area
unexplored area
unexplored area
unexplored area
unexplored area
unexplored area
unexplored area
unexplored area
stone
corridor
stone
stone
unexplored area
unexplored area
unexplored area
unexplored area
unexplored area
wall
!a potion called 100 eff
?a scroll called 200 ker
)6 crossbow bolts
!a potion called 150 dg
(a bag of tricks
+an uncursed spellbook of wizard lock
.dark part of a room
wall
corridor
corridor
corridor
stone
unexplored area
wall
.floor of a room
.floor of a room
.floor of a room
.dark part of a room
.dark part of a room
.dark part of a room
.dark part of a room
.dark part of a room
.dark part of a room
.dark part of a room
.dark part of a room
.doorway
corridor
corridor
corridor
corridor
corridor
stone
unexplored area
unexplored area
unexplored area
unexplored area
unexplored area
unexplored area
unexplored area
unexplored area
unexplored area
unexplored area
unexplored area
stone
corridor
0a boulder
stone
corridor
stone
stone
stone
corridor
corridor
corridor
stone
stone
unexplored area
unexplored area
unexplored area
unexplored area
unexplored area
unexplored area
unexplored area
unexplored area
unexplored area
unexplored area
unexplored area
unexplored area
unexplored area
stone
corridor
stone
unexplored area
unexplored area
unexplored area
unexplored area
unexplored area
unexplored area
wall
wall
wall
wall
wall
wall
wall
wall
wall
stone
stone
corridor
stone
unexplored area
wall
.floor of a room
.floor of a room
(a looking glass
wall
wall
wall
wall
wall
.dark part of a room
.dark part of a room
.dark part of a room
wall
stone
stone
corridor
stone
stone
stone
unexplored area
unexplored area
unexplored area
unexplored area
unexplored area
unexplored area
unexplored area
unexplored area
unexplored area
unexplored area
unexplored area
stone
corridor
corridor
unexplored area
unexplored area
unexplored area
unexplored area
unexplored area
unexplored area
stone
corridor
stone
stone
stone
unexplored area
unexplored area
unexplored area
unexplored area
unexplored area
unexplored area
unexplored area
unexplored area
unexplored area
unexplored area
unexplored area
unexplored area
stone
corridor
stone
unexplored area
unexplored area
unexplored area
unexplored area
unexplored area
unexplored area
unexplored area
unexplored area
unexplored area
unexplored area
unexplored area
unexplored area
unexplored area
unexplored area
unexplored area
unexplored area
stone
corridor
stone
unexplored area
wall
.floor of a room
.floor of a room
.floor of a room
wall
.dark part of a room
.dark part of a room
.dark part of a room
wall
.dark part of a room
.dark part of a room
.dark part of a room
-open door
unexplored area
corridor
corridor
stone
unexplored area
unexplored area
unexplored area
unexplored area
unexplored area
unexplored area
unexplored area
unexplored area
unexplored area
unexplored area
unexplored area
unexplored area
unexplored area
stone
corridor
stone
unexplored area
unexplored area
unexplored area
unexplored area
unexplored area
unexplored area
stone
corridor
corridor
corridor
stone
unexplored area
unexplored area
unexplored area
unexplored area
unexplored area
unexplored area
unexplored area
unexplored area
unexplored area
unexplored area
unexplored area
unexplored area
stone
corridor
stone
unexplored area
unexplored area
unexplored area
unexplored area
unexplored area
unexplored area
unexplored area
unexplored area
unexplored area
unexplored area
unexplored area
unexplored area
unexplored area
unexplored area
unexplored area
unexplored area
stone
corridor
stone
unexplored area
wall
Bpeaceful bat
.floor of a room
[a hooded cloak
wall
.dark part of a room
.dark part of a room
.dark part of a room
wall
.dark part of a room
.dark part of a room
.dark part of a room
wall
unexplored area
unexplored area
unexplored area
unexplored area
unexplored area
unexplored area
unexplored area
unexplored area
unexplored area
unexplored area
unexplored area
unexplored area
unexplored area
unexplored area
unexplored area
unexplored area
unexplored area
stone
[an orcish helm
stone
stone
unexplored area
unexplored area
unexplored area
unexplored area
unexplored area
stone
stone
stone
corridor
stone
stone
stone
stone
unexplored area
unexplored area
unexplored area
unexplored area
unexplored area
unexplored area
unexplored area
unexplored area
unexplored area
corridor
corridor
stone
unexplored area
unexplored area
unexplored area
unexplored area
unexplored area
unexplored area
unexplored area
unexplored area
unexplored area
unexplored area
unexplored area
unexplored area
unexplored area
unexplored area
unexplored area
unexplored area
stone
corridor
stone
stone
wall
.floor of a room
.floor of a room
.floor of a room
.broken door
.dark part of a room
_neutral altar
.dark part of a room
wall
.dark part of a room
.dark part of a room
.dark part of a room
+closed door
unexplored area
unexplored area
unexplored area
unexplored area
unexplored area
unexplored area
unexplored area
unexplored area
unexplored area
unexplored area
unexplored area
unexplored area
unexplored area
unexplored area
unexplored area
unexplored area
unexplored area
stone
corridor
corridor
stone
unexplored area
unexplored area
unexplored area
unexplored area
unexplored area
unexplored area
corridor
stone
corridor
corridor
corridor
corridor
corridor
corridor
0a boulder
*some stones
corridor
stone
stone
stone
stone
stone
stone
)a curved sword
stone
unexplored area
unexplored area
unexplored area
unexplored area
unexplored area
unexplored area
unexplored area
unexplored area
unexplored area
unexplored area
unexplored area
unexplored area
unexplored area
unexplored area
unexplored area
unexplored area
stone
corridor
corridor
corridor
.doorway
ublack unicorn
.floor of a room
%an orc corpse
wall
wall
wall
wall
wall
.dark part of a room
.dark part of a room
.dark part of a room
wall
stone
stone
stone
stone
stone
stone
stone
stone
stone
stone
unexplored area
unexplored area
unexplored area
unexplored area
unexplored area
unexplored area
unexplored area
stone
stone
corridor
stone
*a stone
0a boulder
corridor
corridor
corridor
*some stones
corridor
*7 rocks
corridor
corridor
corridor
corridor
corridor
corridor
corridor
corridor
corridor
corridor
corridor
corridor
corridor
stone
corridor
corridor
corridor
unexplored area
unexplored area
unexplored area
unexplored area
unexplored area
unexplored area
unexplored area
unexplored area
unexplored area
unexplored area
unexplored area
unexplored area
unexplored area
unexplored area
unexplored area
unexplored area
stone
stone
stone
stone
wall
.floor of a room
@gnomish ranger called elenmirie
.floor of a room
.floor of a room
.floor of a room
.floor of a room
.floor of a room
.floor of a room
.floor of a room
.floor of a room
.floor of a room
.doorway
corridor
corridor
corridor
corridor
corridor
corridor
corridor
corridor
corridor
stone
unexplored area
unexplored area
unexplored area
unexplored area
unexplored area
unexplored area
unexplored area
unexplored area
stone
corridor
.doorway
.doorway
.doorway
.doorway
.doorway
.doorway
.doorway
.doorway
.doorway
.doorway
.doorway
.doorway
.doorway
.doorway
corridor
corridor
corridor
corridor
*some stones
corridor
.doorway
.doorway
wall
wall
|open door
.doorway
.broken door
.doorway
wall
wall
unexplored area
unexplored area
unexplored area
unexplored area
unexplored area
unexplored area
unexplored area
unexplored area
unexplored area
unexplored area
unexplored area
unexplored area
unexplored area
unexplored area
unexplored area
unexplored area
wall
.floor of a room
.floor of a room
.floor of a room
.floor of a room
.floor of a room
.floor of a room
(a looking glass
.floor of a room
.floor of a room
.floor of a room
.floor of a room
wall
stone
stone
stone
stone
stone
stone
stone
stone
stone
stone
unexplored area
unexplored area
unexplored area
unexplored area
unexplored area
unexplored area
unexplored area
unexplored area
stone
corridor
.doorway
.dark part of a room
.dark part of a room
.dark part of a room
>staircase down
.dark part of a room
.dark part of a room
.dark part of a room
.dark part of a room
.dark part of a room
.dark part of a room
.dark part of a room
.dark part of a room
.broken door
corridor
corridor
corridor
corridor
corridor
corridor
wall
.dark part of a room
.dark part of a room
.dark part of a room
.dark part of a room
.dark part of a room
.dark part of a room
.dark part of a room
.dark part of a room
wall
unexplored area
unexplored area
unexplored area
unexplored area
unexplored area
unexplored area
unexplored area
unexplored area
unexplored area
unexplored area
unexplored area
unexplored area
unexplored area
unexplored area
unexplored area
unexplored area
wall
wall
wall
wall
wall
wall
wall
wall
wall
wall
wall
wall
wall
unexplored area
unexplored area
unexplored area
unexplored area
unexplored area
unexplored area
unexplored area
unexplored area
unexplored area
unexplored area
unexplored area
unexplored area
unexplored area
unexplored area
unexplored area
unexplored area
unexplored area
unexplored area
stone
stone
.doorway
.dark part of a room
.dark part of a room
.dark part of a room
.dark part of a room
.dark part of a room
.dark part of a room
.dark part of a room
.dark part of a room
.dark part of a room
.dark part of a room
.dark part of a room
.dark part of a room
.doorway
stone
stone
stone
corridor
stone
corridor
.doorway
.dark part of a room
.dark part of a room
.dark part of a room
.dark part of a room
.dark part of a room
.dark part of a room
.dark part of a room
.dark part of a room
wall
unexplored area
unexplored area
unexplored area
unexplored area
unexplored area
unexplored area
unexplored area
unexplored area
unexplored area
unexplored area
unexplored area
unexplored area
unexplored area
unexplored area
unexplored area
unexplored area
unexplored area
unexplored area
unexplored area
unexplored area
unexplored area
unexplored area
unexplored area
unexplored area
unexplored area
unexplored area
unexplored area
unexplored area
unexplored area
unexplored area
unexplored area
unexplored area
unexplored area
unexplored area
unexplored area
unexplored area
unexplored area
unexplored area
unexplored area
unexplored area
unexplored area
unexplored area
unexplored area
unexplored area
unexplored area
unexplored area
unexplored area
unexplored area
unexplored area
wall
.doorway
wall
.doorway
.doorway
.doorway
.doorway
.doorway
.doorway
.doorway
wall
wall
.doorway
.doorway
unexplored area
unexplored area
unexplored area
unexplored area
stone
stone
.doorway
.doorway
.doorway
.doorway
.doorway
.doorway
.doorway
.doorway
wall
wall
unexplored area
unexplored area
unexplored area
unexplored area
unexplored area
unexplored area
unexplored area
unexplored area
unexplored area
unexplored area
unexplored area
unexplored area
unexplored area
unexplored area
unexplored area
unexplored area
unexplored area
unexplored area
unexplored area
unexplored area
unexplored area
unexplored area
unexplored area
unexplored area
unexplored area
unexplored area
unexplored area
unexplored area
unexplored area
unexplored area
unexplored area
unexplored area
unexplored area
unexplored area
unexplored area
unexplored area
unexplored area
unexplored area
unexplored area
unexplored area
unexplored area
unexplored area
unexplored area
unexplored area
unexplored area
unexplored area
unexplored area
unexplored area
unexplored area
stone
stone
stone
unexplored area
unexplored area
unexplored area
unexplored area
unexplored area
unexplored area
unexplored area
unexplored area
unexplored area
unexplored area
unexplored area
unexplored area
unexplored area
unexplored area
unexplored area
unexplored area
stone
stone
stone
stone
unexplored area
unexplored area
unexplored area
unexplored area
unexplored area
unexplored area
unexplored area
unexplored area
Elenmirie the Trailblazer St:18/02 Dx:11 Co:16 In:13 Wi:14 Ch:11 Neutral Dlvl:5 $:176 HP:0(41) Pw:32(32) AC:4 Xp:7/904 T:4869

Latest messages:

You hit the gray ooze!
You hit the gray ooze.
You hit the gray ooze!
You kill the gray ooze!
You stop searching.
You see here a hooded cloak.
The orc zombie hits!
You hit the orc zombie.
The orc zombie hits!
You destroy the orc zombie!
You see here a hooded cloak.
You stop searching.
You see here a hooded cloak.
You hit the orc zombie.
You hit the orc zombie.
The orc zombie hits!
You miss the orc zombie.
You hear crashing rock.
You hit the orc zombie.
The orc zombie hits!
You miss the orc zombie.
The orc zombie hits!
You hit the orc zombie!
The orc zombie misses!
You destroy the orc zombie!
b - an uncursed +1 crossbow (weapon in hand).
a - an uncursed +1 dagger (weapon in hand).
b - an uncursed +1 crossbow (alternate weapon; not wielded).
You see here a hooded cloak.
You stop searching.
You hit the orc zombie!
The orc zombie misses!
You destroy the orc zombie!
The rabid rat bites!
You hit the rabid rat!
The rabid rat bites!
You hit the rabid rat!
The rabid rat bites!
You hit the rabid rat!
The rabid rat bites!
You kill the rabid rat!
The black unicorn strikes at your displaced image and misses you!
The black unicorn butts!
The black unicorn kicks!
You die...
Do you want your possessions identified? [ynq] (y) y
Do you want to see your attributes? [ynq] (y) y
Do you want an account of creatures vanquished? [ynaq] (y) y
Do you want to see your conduct and achievements? [ynq] (y) y
Do you want to see the dungeon overview? [ynq] (y) y

Inventory:

Coins

$ - 176 gold pieces

Weapons

s - 36 uncursed +0 arrows
c - 41 uncursed +2 crossbow bolts (in quiver pouch)
d - 30 uncursed +0 crossbow bolts
t - an uncursed +1 bow
b - an uncursed +1 crossbow (alternate weapon; not wielded)
p - 10 uncursed poisoned +0 darts
a - an uncursed +1 dagger (weapon in hand)
S - an uncursed +0 dagger

Armor

C - a cursed thoroughly rusty -1 orcish helm (being worn)
F - an uncursed +0 pair of water walking boots (being worn)
e - a blessed +2 cloak of displacement (being worn)
n - an uncursed +1 leather armor (being worn)

Comestibles

i - 3 uncursed tripe rations

Rings

o - an uncursed -1 ring of protection
j - an uncursed ring of regeneration
R - an uncursed ring of teleport control

Wands

l - an uncursed wand of locking (0:5)
g - an uncursed wand of polymorph (0:0)
m - an uncursed wand of teleportation (0:6)

Tools

w - an uncursed sack containing 14 items

Contents of the sack:

a blessed scroll of confuse monster
an uncursed scroll of destroy armor
a cursed scroll of enchant armor
a blessed scroll of food detection
a cursed scroll of genocide
an uncursed scroll of gold detection
2 uncursed scrolls of identify
a blessed scroll of punishment
a cursed scroll of punishment
2 uncursed scrolls of stinking cloud
an uncursed scroll of taming
an uncursed potion of extra healing
3 uncursed potions of object detection
an uncursed potion of sickness

Elenmirie the Ranger's attributes:


Background:

You were a Trailblazer, a level 7 female gnomish Ranger.
You were neutral, on a mission for Venus
who was opposed by Mercury (lawful) and Mars (chaotic).
You were in the Dungeons of Doom, on level 5.
You entered the dungeon 4869 turns ago.
You had 904 experience points, 376 more were needed to attain level 8.

Basics:

You had 0 out of 41 hit points.
You had all 32 energy points (spell power).
Your armor class was 4.
Your wallet contained 176 zorkmids.
Autopickup was on for '$' plus thrown.

Final Characteristics:

Your strength was 18/02 (limit:18/50).
Your dexterity was 11 (limit:18).
Your constitution was 16 (limit:18).
Your intelligence was 13 (limit:19).
Your wisdom was 14 (limit:18).
Your charisma was 11 (limit:18).

Final Status:

You were not hungry.
You were unencumbered.
You were wielding a dagger.
You were skilled in dagger.

Final Attributes:

You were piously aligned.
You were telepathic.
You had automatic searching.
You had infravision.
You were displaced.
You were stealthy.
You could walk on water.
You were warded.
You are dead.

Miscellaneous:
You never encountered a bones level.
Total elapsed playing time was 56 minutes and 52 seconds.

Major events:

Turn

1: elenmirie the neutral female gnomish Ranger entered the dungeon
866: attained the rank of Lookout (level 3)
1263: entered the Gnomish Mines
2363: attained the rank of Trailblazer (level 6)
4869: killed by a black unicorn

Vanquished creatures:

2 ghosts
a small mimic
2 brown puddings
an imp
2 wood nymphs
a mountain nymph
3 Mordor orcs
2 rock piercers
a shrieker
a gray ooze
a straw golem
3 giant ants
2 floating eyes
a kitten
3 homunculi
a kobold leader
a kobold shaman
a hill orc
a rabid rat
4 giant bats
8 orc zombies
a wererat
4 iguanas
a coyote
a hobbit
a hobgoblin
a giant rat
a cave spider
2 brown molds
a yellow mold
a red mold
a gnome zombie
2 geckos
8 jackals
2 foxes
3 sewer rats
2 grid bugs
a bat
5 lichens
a kobold zombie
6 newts
87 creatures vanquished.
No species were genocided or became extinct.

Voluntary challenges:

You read items or engraved 1 time.
You never engraved Elbereth.
You never genocided any monsters.
You never polymorphed an object.
You never changed form.
You used no wishes.

Achievements:

You attained the rank of Lookout.
You entered the Gnomish Mines.
You entered a shop.
You attained the rank of Trailblazer.

The Dungeons of Doom: levels 1 to 8

   Level 1:
Level 2:
Level 3:
Stairs down to The Gnomish Mines.
Level 4:
Level 5: <- You were here.
A general store, an altar to Venus.
Final resting place for
you, killed by a black unicorn.
Level 6:
An altar to Venus.
Level 7:
Level 8:

The Gnomish Mines:

   Level 4:

Game over:

----------
/ \
/ REST \
/ IN \
/ PEACE \
/ \
| elenmirie |
| 176 Au |
| killed by a |
| black unicorn |
| |
| |
| 2022 |
*| * * * | *
_________)/\\_//(\/(/\)/\//\/|_)_______

Goodbye elenmirie the Ranger...


You died in The Dungeons of Doom on dungeon level 5 with 4681 points,
and 176 pieces of gold, after 4869 moves.
You were level 7 with a maximum of 41 hit points when you died.